 Dungeon Crawl Stone Soup version 0.29.1-15-g9cfb28693d (console) character file.

Game seed: 15595439469456189787

9 sentinel the Digger (level 2, 11/20 HPs)
             Began as a Meteoran Earth Elementalist on Aug 18, 2023.
             Quit the game on level 1 of the Dungeon.
             The game lasted 00:00:06 (30 turns).

sentinel the Digger (Meteoran Earth Elementalist)     Turns: 30, Time: 00:00:07

Health: 11/20      AC:  2    Str:  9    XL:     2   Next: 35%
Magic:  0/6        EV: 12    Int: 16    God:
Gold:   0          SH:  0    Dex: 14    Spells: 5/6 levels left

rFire   . . .      SeeInvis .   (no weapon)
rCold   . . .      Faith    .   (no shield)
rNeg    . . .      Spirit   .   a - +0 robe
rPois   .          Reflect  .   (no helmet)
rElec   .          Harm     .   (no cloak)
rCorr   .          Rampage  .   (no gloves)
Will    .....                   (no boots)
Stlth   +.........              (no amulet)
HPRegen 0.06/turn               (no ring)
MPRegen 0.10/turn               (no ring)

@: glowing
A: sense surroundings 1, otherworldly, glowing, explore regen
a: no special abilities


You were on level 1 of the Dungeon.
You visited 1 branch of the dungeon, and saw 1 of its levels.

Inventory:

Armour
 a - a +0 robe (worn)
Potions
 b - a potion of magic


   Skills:
 - Level 2.4 Dodging
 - Level 1.4 Stealth
 - Level 2.6 Spellcasting
 - Level 1.2 Transmutations
 + Level 4.4 Earth Magic


You had 5 spell levels left.
You knew the following spells:

 Your Spells              Type           Power      Damage    Failure   Level
a - Sandblast             Erth           32%        2d9       3%          1

Your spell library contained the following spells:

 Spells                   Type           Power      Damage    Failure   Level
 Passwall                 Tmut/Erth      9%         N/A       10%         2
 Stone Arrow              Conj/Erth      18%        3d8       24%         3
 Petrify                  Tmut/Erth      11%        N/A       52%         4


Dungeon Overview and Level Annotations

Branches:
Dungeon (1/15) Zot: 566

Altars:


Innate Abilities, Weirdness & Mutations

You passively map a small area around you.
You are easily found by Zot.
You glow in the dark.
You regain HP and MP as you explore.


Message History

The tentacle slaps the merfolk!
The tentacle closely misses the merfolk.
The tentacle slaps the human!
The tentacle misses the merfolk.
Something slaps the mummy!!
The mummy is destroyed!
The kraken closely misses the human.
The tentacle slaps the human!
The tentacle barely misses the draconian.
Something closely misses the merfolk.
The kraken bites the human!
The human dies!
The tentacle slaps the formicid!!
The tentacle slaps the merfolk!
Something barely misses the mummy.
The tentacle slaps the merfolk.
The tentacle slaps the formicid.
The formicid dies!
The tentacle misses the merfolk.
Something slaps the mummy!
The kraken closely misses the draconian.
The tentacle misses the merfolk.
The tentacle closely misses the draconian.
The tentacle slaps the merfolk!!
The merfolk dies!
Something slaps the mummy!!
The mummy is destroyed!
The kraken bites the draconian!!
The tentacle slaps the merfolk!
The tentacle slaps the draconian but does no damage.
The kraken bites the draconian.
The tentacle slaps the draconian.
Something slaps the draconian but does no damage.
Something bites the draconian but does no damage.
The tentacle slaps the draconian.
Something slaps the merfolk!
A jackal comes into view.
The jackal barks!
You hear a bark!
A jackal comes into view.
Unknown command.
But you're not safe!
Unknown command.
But you're not safe!
Unknown command.
But you're not safe!
Unknown command.
But you're not safe!
Unknown command.
The jackal barks!
A jackal comes into view.
The blast of sand hits the jackal!
You kill the jackal!
The jackal barks!
A jackal comes into view. x2
The blast of sand hits the jackal.
The jackal is almost dead.
The jackal barks!
A frilled lizard comes into view.
A jackal comes into view.
Unknown command.
The blast of sand hits the jackal.
You kill the jackal!
Your Earth Magic skill increases to level 4!
Unknown command.
The blast of sand hits the frilled lizard!
You kill the frilled lizard!
The jackal misses you.
You have reached level 2!
Unknown command.
The blast of sand hits the jackal!
You kill the jackal!
The jackal bites you.
The jackal bites you but does no damage.
Unknown command.
You barely miss the jackal. The jackal bites you.
You hit the jackal.
The jackal is moderately wounded.
The jackal completely misses you.
The blast of sand hits the jackal!
You kill the jackal!
The jackal barely misses you.
Unknown command.
You are out of magic!
Unknown command.
You are out of magic!
Unknown command.
You hit the jackal but do no damage. The jackal closely misses you.
The jackal barely misses you.
You hit the jackal but do no damage. The jackal barely misses you.
You are out of magic!
Unknown command.
You are out of magic!
Unknown command.
You are out of magic!
Unknown command.
You are out of magic!
Unknown command.
But you're not safe!
Unknown command.
But you're not safe!
Unknown command.
But you're not safe!
Unknown command.
But you're not safe!
Unknown command.
But you're not safe!
Unknown command.
You barely miss the jackal. The jackal bites you. The jackal barely misses you.
You closely miss the jackal. The jackal barely misses you.
The blast of sand hits the jackal.
The jackal is almost dead.
The jackal misses you. The jackal bites you.
Unknown command.
You are out of magic!
Unknown command.
You are out of magic!
Unknown command.
You are out of magic!
Unknown command.
You hit the jackal.
You kill the jackal!
The jackal closely misses you.
You closely miss the jackal. The jackal bites you.
You are out of magic!
Unknown command.
You are out of magic!
Unknown command.
You are out of magic!
Unknown command.
You are out of magic!
Unknown command.
You hit the jackal but do no damage.
The jackal bites you but does no damage.
You closely miss the jackal. The jackal closely misses you. x2
You are out of magic!
Unknown command.
You are out of magic!
Unknown command.
You are out of magic!
Unknown command.
You are out of magic!
Unknown command.
But you're not safe!
Unknown command.
But you're not safe!
Unknown command.
But you're not safe!
Unknown command.
But you're not safe!
Unknown command.
But you're not safe!
Unknown command.
Unknown command.
Unknown command.
Unknown command.
Unknown command.
Are you sure you want to abandon this character and quit the game? (Confirm with "yes".)

* , , , * ,. .* ######
* * . , ,.######.... *
. *#)........
#.###.##.#..# ,#
###.#...##.#..##.###.#
........##....@h.....#
,
........##.#.###.#...#
* , #######......##
,.., #
#.w.mh#..........#..#*
,
#w≈≈≈m#....#.#####,.#
* #.≈wwd#.<..#.# .. ,
#.≈≈Xw#....#.#* .
#.†...#...##.# , *
#######...# ,


You could see a jackal.

Vanquished Creatures
  A goblin (D:1)
  5 jackals (D:1)
  A frilled lizard (D:1)
7 creatures vanquished.

Vanquished Creatures (others)
  A ghoul (D:1)
  A draconian (D:1)
  An elf (D:1)
  4 merfolk (D:1)
  A formicid (D:1)
  A human (D:1)
  A felid (D:1)
  2 mummies (D:1)
  6 tentacles (D:1)
18 creatures vanquished.

Grand Total: 25 creatures vanquished

Notes
Turn   | Place    | Note
-------+----------+-------------------------------------------
     0 | D:1      | sentinel the Meteoran Earth Elementalist began the quest
                  | for the Orb.
     0 | D:1      | Reached XP level 1. HP: 14/14 MP: 5/5
     0 | D:1      | Noticed a merfolk
     0 | D:1      | Noticed a merfolk
     0 | D:1      | Noticed a felid
     0 | D:1      | Noticed a merfolk
     0 | D:1      | Noticed a kraken
     0 | D:1      | Noticed a draconian
     0 | D:1      | Noticed a ghoul
     0 | D:1      | Noticed a human
     0 | D:1      | Noticed an elf
     0 | D:1      | Noticed a merfolk
     0 | D:1      | Noticed a formicid
     4 | D:1      | Killed a ghoul
     4 | D:1      | Killed an elf
     5 | D:1      | Killed a merfolk
     7 | D:1      | Killed a human
     8 | D:1      | Killed a formicid
     8 | D:1      | Killed a merfolk
    11 | D:1      | Killed a draconian
    11 | D:1      | Killed a merfolk
    13 | D:1      | Killed a felid
    14 | D:1      | Killed a merfolk
    16 | D:1      | Reached skill level 4 in Earth Magic
    17 | D:1      | Reached XP level 2. HP: 20/20 MP: 2/6
    30 | D:1      | Quit the game

Illustrated notes

Levels and vault maps discovered:
D:1:      nicolae_arrival_kraken_aquarium_a, layout_loops_cross,
          shapermc_ecumenical_altar_starsandcircs

Skill      XL: |  1 |
---------------+----+-----
Earth Magic    | 4 |  4.4
Dodging        | |  2.4
Stealth        | |  1.4
Spellcasting   | |  2.6
Transmutations | |  1.2

Action                   || total
-------------------------++-------
Melee: Unarmed           ||    10
 Cast: Sandblast         ||     8
Armor: Robe              ||     2
Dodge: Dodged            ||    12
